[Event "Titled Tuesday Blitz October 04 Early 2022"]
[White "Duda, Jan-Krzysztof"]
[Black "Nakamura, Hikaru"]
[WhiteFideId "1170546"]
[BlackFideId "2016192"]
[WhiteElo "2779"]
[BlackElo "2909"]
[Result "0-1"]
[Round "06"]
[TimeControl "180+1"]
[Date "2022.10.04"]
[WhiteClock "0:00:15"]
[BlackClock "0:01:12"]

1. d4 Nf6 2. c4 e6 3. Nf3 d5 4. Nc3 Be7 5. Bf4 O-O 6. e3 Nbd7 7. c5 b6 8. b4 a5 9. a3 c6 10. h3 h6 11. Bd3 Ba6 12. O-O Qc8 13. Rb1 Bxd3 14. Qxd3 axb4 15. axb4 Qb7 16. Rfc1 Rfc8 17. Qc2 Bd8 18. Ne1 Bc7 19. Nd3 b5 20. f3 Qb8 21. Bxc7 Qxc7 22. f4 Ne4 23. Nxe4 dxe4 24. Nf2 f5 25. Qb3 Re8 26. Ra1 Rxa1 27. Rxa1 Nf6 28. Ra6 g5 29. g3 gxf4 30. gxf4 Nd5 31. Kf1 Qb7 32. Ra2 Qf7 33. Nd1 Qh5 34. Rg2+ Kh8 35. Rg3 Ra8 36. Kg2 Qe2+ 37. Kh1 Ra2 0-1


[Site "https://www.chess.com"]

[Event "Titled Tuesday Blitz October 04 Early 2022"]
[White "Eljanov, Pavel"]
[Black "Visakh N R"]
[WhiteFideId "14102951"]
[BlackFideId "25012223"]
[WhiteElo "2601"]
[BlackElo "2466"]
[Result "1-0"]
[Round "06"]
[TimeControl "180+1"]
[Date "2022.10.04"]
[WhiteClock "0:00:15"]
[BlackClock "0:00:07"]

1. c4 Nf6 2. g3 e6 3. Bg2 d5 4. d4 Bb4+ 5. Nd2 O-O 6. Nf3 c5 7. dxc5 dxc4 8. O-O Nc6 9. Nxc4 Bxc5 10. Bf4 Qe7 11. Bd6 Bxd6 12. Qxd6 Qxd6 13. Nxd6 Rd8 14. Rfd1 Nd5 15. Nxc8 Raxc8 16. Rac1 h6 17. a3 Kf8 18. Kf1 Ke7 19. Ke1 Na5 20. Nd4 Rxc1 21. Rxc1 Rd7 22. b4 Nc6 23. Nxc6+ bxc6 24. Rxc6 Nb6 25. Be4 g5 26. Bc2 Rb7 27. Kd2 Nd7 28. Kc3 Ne5 29. Rc5 Ng4 30. f3 Nxh2 31. Be4 Rd7 32. a4 Nf1 33. g4 Ne3 34. b5 Nd1+ 35. Kb3 Nf2 36. Bc6 Rd2 37. a5 Nd1 38. Rc2 Rd4 39. b6 axb6 40. a6 Ne3 41. a7 Nxc2 42. a8=Q Rd2 43. Qe8+ Kd6 44. Qd8+ Kxc6 45. Qxd2 1-0


[Site "https://www.chess.com"]

[Event "Titled Tuesday Blitz October 04 Early 2022"]
[White "Gabrielian, Artur"]
[Black "Guzman, Christopher"]
[WhiteFideId "4131002"]
[BlackFideId "6405096"]
[WhiteElo "2432"]
[BlackElo "2272"]
[Result "1-0"]
[Round "06"]
[TimeControl "180+1"]
[Date "2022.10.04"]
[WhiteClock "0:01:11"]
[BlackClock "0:01:16"]

1. e4 c6 2. d4 d5 3. e5 Bf5 4. h4 h5 5. Bd3 Bxd3 6. Qxd3 Qa5+ 7. Nd2 e6 8. Nf3 Nh6 9. O-O Nf5 10. a4 Be7 11. Nb3 Qa6 12. Qd1 Nxh4 13. Nxh4 Bxh4 14. Nc5 Qb6 15. Ra3 Qc7 16. Rh3 b6 17. Nxe6 fxe6 18. Rxh4 Qf7 19. Bg5 Nd7 20. f4 Qg6 21. g4 Nf8 22. Qd2 Kd7 23. f5 Qf7 24. Qb4 Kc8 25. fxe6 Qe8 26. e7 Ne6 27. Qd6 Qd7 28. Rf8+ Nxf8 29. exf8=Q+ Rxf8 30. Qxf8+ Kb7 31. Qe7 Qxe7 32. Bxe7 1-0


[Site "https://www.chess.com"]

[Event "Titled Tuesday Blitz October 04 Early 2022"]
[White "Harsh Suresh"]
[Black "Ziatdinov, Raset"]
[WhiteFideId "45018464"]
[BlackFideId "2015323"]
[WhiteElo "2180"]
[BlackElo "2220"]
[Result "1-0"]
[Round "06"]
[TimeControl "180+1"]
[Date "2022.10.04"]
[WhiteClock "0:01:50"]
[BlackClock "0:01:33"]

1. Nf3 Nf6 2. b3 g6 3. Bb2 Bg7 4. e3 O-O 5. c4 d5 6. Nc3 c5 7. d4 cxd4 8. Nxd4 Nc6 9. Nxc6 bxc6 10. Be2 dxc4 11. Qxd8 Rxd8 12. Bxc4 Nd5 13. O-O-O Be6 14. Na4 Bxb2+ 15. Kxb2 Rab8 16. Nc5 Bg4 17. Rd4 h5 18. h3 Bc8 19. e4 e5 20. Rd2 Be6 21. Rhd1 Kf8 22. exd5 cxd5 23. Bxd5 Bxd5 24. Rxd5 Rxd5 25. Rxd5 1-0


[Site "https://www.chess.com"]

[Event "Titled Tuesday Blitz October 04 Early 2022"]
[White "Ivic, Velimir"]
[Black "Rozman, Levy"]
[WhiteFideId "950122"]
[BlackFideId "2039877"]
[WhiteElo "2625"]
[BlackElo "2376"]
[Result "1-0"]
[Round "06"]
[TimeControl "180+1"]
[Date "2022.10.04"]
[WhiteClock "0:01:12"]
[BlackClock "0:00:25"]

1. e4 c6 2. d4 d5 3. Nd2 dxe4 4. Nxe4 Nf6 5. Nxf6+ exf6 6. c3 Bd6 7. Bd3 O-O 8. Qc2 Re8+ 9. Ne2 h5 10. O-O h4 11. h3 Na6 12. Bd2 Nc7 13. Rae1 Nd5 14. a3 b5 15. b3 Bxa3 16. b4 a5 17. Nf4 Nxf4 18. Bxf4 axb4 19. Be4 Bd7 20. d5 cxd5 21. Bxd5 Be6 22. Bxa8 b3 23. Qe2 Qxa8 24. Qxb5 Rc8 25. Rxe6 fxe6 26. Qxb3 Qe4 27. Bd2 Qd3 28. Qxe6+ 1-0


[Site "https://www.chess.com"]

[Event "Titled Tuesday Blitz October 04 Early 2022"]
[White "Kim, Sergey"]
[Black "Wirig, Anthony"]
[WhiteFideId "13700570"]
[BlackFideId "615013"]
[WhiteElo "2626"]
[BlackElo "2474"]
[Result "0-1"]
[Round "06"]
[TimeControl "180+1"]
[Date "2022.10.04"]
[WhiteClock "0:00:08"]
[BlackClock "0:00:08"]

1. d4 Nf6 2. c4 e6 3. Nc3 Bb4 4. Qc2 d5 5. a3 Bxc3+ 6. Qxc3 O-O 7. Nf3 b6 8. g3 Ba6 9. cxd5 exd5 10. Bg2 Re8 11. Ne5 c5 12. e3 Nbd7 13. f4 Ne4 14. Bxe4 dxe4 15. Bd2 cxd4 16. Qxd4 Nxe5 17. fxe5 Qg5 18. Bc3 Rad8 19. Qxe4 Qh5 20. Qg2 Rd7 21. g4 Qg6 22. Kf2 Bb7 23. Qg3 Qc2+ 24. Kg1 Qe4 25. Kf2 Qc2+ 26. Kg1 Rd1+ 27. Rxd1 Qxd1+ 28. Be1 Bxh1 29. Kxh1 Qd5+ 30. Kg1 Qxe5 31. Qxe5 Rxe5 32. Kf2 Rb5 33. Bc3 Rd5 34. e4 Rd7 35. Ke3 f6 36. h4 Kf7 37. g5 Ke6 38. gxf6 gxf6 39. h5 Rg7 40. Kf3 Rg5 41. h6 Rh5 42. Bd2 Rh2 0-1


[Site "https://www.chess.com"]

[Event "Titled Tuesday Blitz October 04 Early 2022"]
[White "Kravtsiv, Martyn"]
[Black "SahaNeelash"]
[WhiteFideId "14113147"]
[WhiteElo "2694"]
[BlackElo "2707"]
[Result "1-0"]
[Round "06"]
[TimeControl "180+1"]
[Date "2022.10.04"]
[WhiteClock "0:00:16"]
[BlackClock "0:00:20"]

1. e4 c5 2. Nf3 d6 3. Bb5+ Nd7 4. d4 cxd4 5. Qxd4 a6 6. Bxd7+ Qxd7 7. c4 e5 8. Qd3 f5 9. Nc3 Nf6 10. O-O fxe4 11. Nxe4 Nxe4 12. Qxe4 Qf5 13. Qe2 Be7 14. b3 O-O 15. Ba3 Rf7 16. Rfe1 Qg6 17. Nd2 Bf5 18. Ne4 Raf8 19. f3 h5 20. Kh1 h4 21. h3 Bxh3 22. gxh3 Rxf3 23. Qg2 Qf5 24. Kg1 Kh8 25. Rad1 Rf6 26. Nxf6 Rg3 27. Ne4 Rxg2+ 28. Kxg2 g5 29. Nf2 Qc2 30. Bxd6 Bxd6 31. Rxd6 Qxa2 32. Rxe5 Kg7 33. Rxg5+ Kf7 34. Rf5+ Ke7 35. Rd3 Qe2 36. Rff3 Qc2 37. Rfe3+ Kf6 38. Kf3 b5 39. cxb5 axb5 40. Ng4+ Kf7 41. Rd7+ Kf8 42. Rd4 Qc6+ 43. Rde4 Kf7 44. Ne5+ 1-0


[Site "https://www.chess.com"]

[Event "Titled Tuesday Blitz October 04 Early 2022"]
[White "Lazavik, Denis"]
[Black "Samunenkov, Ihor"]
[WhiteFideId "13515110"]
[BlackFideId "14187086"]
[WhiteElo "2437"]
[BlackElo "2441"]
[Result "1-0"]
[Round "06"]
[TimeControl "180+1"]
[Date "2022.10.04"]
[WhiteClock "0:00:13"]
[BlackClock "0:00:03"]

1. d4 d5 2. c4 e6 3. Nf3 Nf6 4. g3 Be7 5. Bg2 O-O 6. O-O c6 7. b3 b6 8. Bb2 Nbd7 9. Qc2 Bb7 10. Rd1 Rc8 11. Nc3 Ba6 12. e4 dxc4 13. h4 Qc7 14. bxc4 Bxc4 15. e5 Nd5 16. Ne4 b5 17. Neg5 g6 18. h5 Kg7 19. Qe4 Qd8 20. Qg4 Be2 21. Re1 Bxf3 22. Nxf3 c5 23. dxc5 Nxc5 24. Rad1 Na4 25. Bd4 Bc5 26. Ng5 Bxd4 27. Rxd4 Rc4 28. Rxc4 bxc4 29. Bxd5 Qxd5 30. Qf4 Qd8 31. hxg6 hxg6 32. Kg2 Qd5+ 33. f3 Nc5 34. Rh1 Nd3 35. Rh7+ Kg8 36. Rh8+ Kxh8 37. Qh4+ 1-0


[Site "https://www.chess.com"]

[Event "Titled Tuesday Blitz October 04 Early 2022"]
[White "Makarian, Rudik"]
[Black "Dushyant Sharma"]
[WhiteFideId "44105681"]
[BlackFideId "25065130"]
[WhiteElo "2405"]
[BlackElo "2270"]
[Result "1-0"]
[Round "06"]
[TimeControl "180+1"]
[Date "2022.10.04"]
[WhiteClock "0:01:55"]
[BlackClock "0:00:17"]

1. b3 d5 2. Bb2 e6 3. Nf3 Nf6 4. e3 Be7 5. d4 O-O 6. Bd3 b6 7. O-O Bb7 8. Nbd2 Nbd7 9. c4 c5 10. cxd5 exd5 11. Ne5 Ne4 12. Bxe4 dxe4 13. Ndc4 Nxe5 14. dxe5 Ba6 15. Qg4 Bxc4 16. bxc4 Qd2 17. Rab1 Qd3 18. Rbc1 Qd2 19. Bc3 Qxa2 20. Qxe4 Rfd8 21. Rfd1 Rxd1+ 22. Rxd1 Rd8 23. Rxd8+ Bxd8 24. g4 Bh4 25. Qa8+ 1-0


[Site "https://www.chess.com"]

[Event "Titled Tuesday Blitz October 04 Early 2022"]
[White "Makhnev, Denis"]
[Black "Batsuren, Dambasuren"]
[WhiteFideId "13707647"]
[BlackFideId "4902920"]
[WhiteElo "2486"]
[BlackElo "2422"]
[Result "0-1"]
[Round "06"]
[TimeControl "180+1"]
[Date "2022.10.04"]
[WhiteClock "0:02:22"]
[BlackClock "0:01:13"]

1. d4 Nf6 2. c4 e6 3. Nf3 d5 4. Nc3 Bb4 5. Qa4+ Nc6 6. e3 O-O 7. Qc2 Re8 8. Bd2 h6 9. a3 Bf8 10. O-O-O a5 11. Bd3 Nb4 12. axb4 axb4 13. Nb1 c5 14. Ne5 b5 15. cxd5 c4 16. Be2 b3 17. Qc3 Nxd5 18. g4 Nxc3 19. Bxc3 Ra2 20. g5 b4 21. Be1 c3 22. Nc4 c2 23. gxh6 cxd1=Q+ 24. Bxd1 Bb7 25. Bxb3 Bxh1 26. Bxa2 Bd5 27. Nbd2 Qa8 28. Bb3 Bxc4 29. Bxc4 Qh1 30. Kd1 gxh6 31. Ke2 Qxh2 32. Nf3 Qh5 33. b3 Ra8 34. Bd3 Ra2+ 35. Bd2 Rxd2+ 36. Kxd2 Qxf3 37. Ke1 h5 38. Be2 Qh1+ 39. Kd2 h4 40. Bg4 Qg2 41. Ke2 Qxg4+ 42. Kf1 h3 43. Ke1 Qg2 44. Kd2 Qxf2+ 45. Kd3 Qf5+ 46. Kc4 Qd5+ 47. Kd3 h2 48. e4 Qxb3+ 49. Ke2 h1=Q 50. Kf2 Qhf3+ 51. Ke1 Qbd1# 0-1


[Site "https://www.chess.com"]

[Event "Titled Tuesday Blitz October 04 Early 2022"]
[White "Martinez Alcantara, Jose Eduardo"]
[Black "Le, Tuan Minh"]
[WhiteFideId "3805662"]
[BlackFideId "12401153"]
[WhiteElo "2703"]
[BlackElo "2530"]
[Result "1/2-1/2"]
[Round "06"]
[TimeControl "180+1"]
[Date "2022.10.04"]
[WhiteClock "0:00:49"]
[BlackClock "0:00:20"]

1. e4 c5 2. Nc3 Nc6 3. Bc4 e6 4. d3 Nf6 5. Nf3 a6 6. a3 d5 7. exd5 exd5 8. Ba2 h6 9. O-O Be6 10. Ne2 Bd6 11. Bf4 Bxf4 12. Nxf4 O-O 13. h3 Qd6 14. Qd2 Bd7 15. Rfe1 Rfe8 16. c3 Rad8 17. Rxe8+ Rxe8 18. Re1 Rxe1+ 19. Nxe1 d4 20. Nf3 b5 21. Ne2 dxc3 22. Qxc3 Nd5 23. Bxd5 Qxd5 24. Ng3 b4 25. Qc2 bxa3 26. bxa3 Bxh3 27. gxh3 Qxf3 28. Qxc5 Qf6 29. Qb6 a5 30. Qc5 Ne5 31. Qxa5 Nf3+ 32. Kf1 Qa1+ 33. Kg2 Nh4+ 34. Kh2 Nf3+ 35. Kg2 Nh4+ 36. Kh2 Nf3+ 37. Kg2 1/2-1/2


[Site "https://www.chess.com"]

[Event "Titled Tuesday Blitz October 04 Early 2022"]
[White "Milikow, Yoav"]
[Black "Shimanov, Aleksandr"]
[WhiteFideId "2822237"]
[BlackFideId "4198603"]
[WhiteElo "2341"]
[BlackElo "2605"]
[Result "0-1"]
[Round "06"]
[TimeControl "180+1"]
[Date "2022.10.04"]
[WhiteClock "0:00:02"]
[BlackClock "0:00:28"]

1. d4 Nf6 2. c4 g6 3. Nc3 Bg7 4. e4 d6 5. Be2 O-O 6. Be3 Na6 7. Nf3 e5 8. d5 Ng4 9. Bg5 f6 10. Bh4 h5 11. h3 Nh6 12. Nd2 c5 13. g4 hxg4 14. hxg4 Nf7 15. Nf1 Bh6 16. f3 Kg7 17. Bf2 Bd7 18. Be3 Rh8 19. Bxh6+ Nxh6 20. Ng3 Nf7 21. Kd2 Ng5 22. Qb3 b6 23. Nb5 Bxb5 24. Qxb5 Nb8 25. Rxh8 Qxh8 26. Rh1 Qd8 27. Bd1 a6 28. Qb3 Nd7 29. Ke2 b5 30. Kf2 Rb8 31. cxb5 axb5 32. Kf1 Qa5 33. Qc2 Qxa2 34. Qh2 Rg8 35. Qd2 Ra8 36. Qh2 Qb1 37. Kg2 Qxb2+ 38. Be2 c4 39. Qg1 Nc5 40. Qe3 Ra3 41. Qf2 Nd3 42. Qb6 Nf4+ 43. Kf1 Qa1+ 44. Kf2 Qd4+ 45. Qxd4 exd4 46. Rb1 Ra2 47. Kf1 d3 48. Bd1 Ngh3 49. Nh1 Ng2 50. Rxb5 Ne3+ 51. Ke1 Nf4 52. Rb7+ Kh6 53. Ra7 0-1


[Site "https://www.chess.com"]

[Event "Titled Tuesday Blitz October 04 Early 2022"]
[White "Ohanyan, Emin"]
[Black "Bacrot, Etienne"]
[WhiteFideId "13312022"]
[BlackFideId "605506"]
[WhiteElo "2302"]
[BlackElo "2666"]
[Result "0-1"]
[Round "06"]
[TimeControl "180+1"]
[Date "2022.10.04"]
[WhiteClock "0:00:03"]
[BlackClock "0:00:14"]

1. e4 c5 2. Nf3 d6 3. d4 cxd4 4. Nxd4 Nf6 5. Nc3 Nc6 6. Bc4 e6 7. Bb3 a6 8. f4 Bd7 9. f5 e5 10. Nde2 Qb6 11. Bg5 Ng4 12. Nd5 Qf2+ 13. Kd2 f6 14. Nc7+ Kd8 15. Nxa8 fxg5 16. Qg1 Nd4 17. Qxf2 Nxb3+ 18. axb3 Nxf2 19. Rhf1 Nxe4+ 20. Ke3 d5 21. Rad1 Bc5+ 22. Kf3 Nf6 23. b4 Ba7 24. c4 dxc4 25. b5 axb5 26. Ra1 Bc5 27. Rfd1 Ke7 28. Nc7 Bxf5 29. Nd5+ Ke6 30. Nc7+ Kf7 31. Nxb5 Bg4+ 32. Kg3 Bxe2 33. Re1 Bd3 34. Rxe5 Kg6 35. Rxc5 Ne4+ 36. Kf3 Nxc5 37. Ra7 Rf8+ 38. Ke3 Re8+ 39. Kf3 Rf8+ 40. Ke3 h6 41. Nd6 Rf1 42. Nxb7 Nxb7 43. Rxb7 Re1+ 44. Kd4 Re4+ 45. Kc3 Re2 46. b4 cxb3 47. Kxd3 Rxg2 48. Rxb3 Rxh2 49. Ke4 Kh5 50. Kf5 g6+ 51. Ke5 g4 52. Kf4 Rf2+ 53. Ke4 Rf3 54. Rb1 Kg5 55. Rb5+ Kh4 56. Rb6 Kh5 57. Rb1 g5 58. Rh1+ Kg6 59. Rb1 Rf4+ 60. Ke5 g3 61. Rg1 Rg4 62. Rg2 h5 63. Rg1 g2 64. Kd5 h4 65. Rxg2 Rxg2 0-1


[Site "https://www.chess.com"]

[Event "Titled Tuesday Blitz October 04 Early 2022"]
[White "Ozen, Bahadir"]
[Black "Vokhidov, Shamsiddin"]
[WhiteFideId "6337058"]
[BlackFideId "14204223"]
[WhiteElo "2503"]
[BlackElo "2619"]
[Result "0-1"]
[Round "06"]
[TimeControl "180+1"]
[Date "2022.10.04"]
[WhiteClock "0:00:27"]
[BlackClock "0:00:45"]

1. Nf3 Nf6 2. g3 c5 3. Bg2 g6 4. O-O Bg7 5. c4 d5 6. cxd5 Nxd5 7. d4 cxd4 8. Nxd4 O-O 9. Nb5 Be6 10. Nd4 Bc8 11. Nc3 Nxc3 12. bxc3 Nc6 13. Nxc6 bxc6 14. Qxd8 Rxd8 15. Bxc6 Rb8 16. Bf4 Rb2 17. Rfd1 Rf8 18. Bf3 Be6 19. a4 Bxc3 20. Rac1 Bf6 21. Rc7 Bb3 22. Rdc1 Bxa4 23. Rxa7 Bb5 24. Bh6 Rd8 25. Rb7 Be8 26. Rxb2 Bxb2 27. Rc7 Bf6 28. h4 Bd7 29. Kg2 Be5 30. Rb7 Bd6 31. h5 f6 32. hxg6 hxg6 33. Bd5+ Kh7 34. Be3 g5 35. Be4+ Kg7 36. Rb1 f5 37. Bd3 Bc6+ 38. f3 g4 39. Bxf5 gxf3+ 40. exf3 Be5 41. Rh1 Ra8 42. Rh7+ Kf6 43. Be4 Ra2+ 44. Kh3 Bd7+ 0-1


[Site "https://www.chess.com"]

[Event "Titled Tuesday Blitz October 04 Early 2022"]
[White "Rostovtsev, Dmitry"]
[Black "Jobava, Baadur"]
[WhiteFideId "34278320"]
[BlackFideId "13601520"]
[WhiteElo "2251"]
[BlackElo "2582"]
[Result "0-1"]
[Round "06"]
[TimeControl "180+1"]
[Date "2022.10.04"]
[WhiteClock "0:00:02"]
[BlackClock "0:00:59"]

1. e4 d6 2. d4 Nf6 3. Nc3 e5 4. Nf3 Nbd7 5. Bc4 Be7 6. O-O O-O 7. Re1 c6 8. a4 a5 9. h3 h6 10. Bf1 Re8 11. Be3 Qc7 12. Rc1 Bf8 13. d5 Nb6 14. Bxb6 Qxb6 15. Nd2 Qxb2 16. Re3 Qb6 17. Nc4 Qc7 18. Rb1 Nd7 19. Rg3 Rb8 20. Qd2 g6 21. h4 Nc5 22. dxc6 bxc6 23. Rxb8 Qxb8 24. Nxa5 Qc7 25. Nc4 h5 26. Be2 Kh7 27. a5 Ne6 28. Bf1 Nd4 29. Ne2 Ne6 30. Nc3 Rd8 31. Nb6 Bh6 32. Qd1 Bb7 33. Bc4 Nd4 34. Ne2 d5 35. exd5 cxd5 36. Bd3 Ne6 37. Nc3 e4 38. Nb5 Qe5 39. Bf1 d4 40. Bc4 e3 41. Qe2 exf2+ 42. Qxf2 Kg7 43. Bxe6 fxe6 44. Rf3 Be3 45. Rxe3 dxe3 46. Qe2 Rd2 47. Qc4 Rd1+ 0-1


[Site "https://www.chess.com"]

[Event "Titled Tuesday Blitz October 04 Early 2022"]
[White "Rustemov, Alexander"]
[Black "Zhu, Jiner"]
[WhiteFideId "4119002"]
[BlackFideId "8608059"]
[WhiteElo "2810"]
[BlackElo "2384"]
[Result "1-0"]
[Round "06"]
[TimeControl "180+1"]
[Date "2022.10.04"]
[WhiteClock "0:00:05"]
[BlackClock "0:00:03"]

1. d4 Nf6 2. c4 g6 3. Nf3 Bg7 4. g3 c6 5. Bg2 O-O 6. O-O d5 7. Qb3 dxc4 8. Qxc4 Bf5 9. Rd1 Nbd7 10. e3 Qc8 11. Qe2 Re8 12. Nc3 e5 13. h3 Ne4 14. Nh4 Nxc3 15. bxc3 Be6 16. e4 exd4 17. cxd4 c5 18. Be3 cxd4 19. Bxd4 Ne5 20. Rac1 Nc6 21. Bxg7 Kxg7 22. Kh2 Qc7 23. f4 f6 24. Nf3 Rad8 25. Qb2 Qe7 26. e5 fxe5 27. Nxe5 Nxe5 28. Qxe5+ Qf6 29. Rc7+ Bf7 30. Qxf6+ Kxf6 31. Rxd8 Rxd8 32. Rxb7 Rd2 33. Rxa7 Bd5 34. Ra6+ Ke7 35. Ra7+ Kd8 36. Rxh7 Rxg2+ 37. Kh1 Rxg3+ 38. Kh2 Rg2+ 39. Kh1 Rxa2+ 40. Kg1 Rg2+ 41. Kf1 Rg3 42. h4 Bf3 43. Kf2 Bh5 44. Kxg3 Ke8 45. Ra7 Kf8 46. Kf2 Kg8 47. Ke3 Bg4 48. Kd4 Bf5 49. Ke5 Kh8 50. h5 Bc2 51. h6 Bf5 52. Kf6 Bc2 53. Kg5 Bf5 54. h7 Bd7 55. Kh6 Be8 56. Rg7 g5 57. Rg8# 1-0


[Site "https://www.chess.com"]

[Event "Titled Tuesday Blitz October 04 Early 2022"]
[White "Sarana, Alexey"]
[Black "Wieczorek, Oskar"]
[WhiteFideId "24133795"]
[BlackFideId "1133950"]
[WhiteElo "2689"]
[BlackElo "2404"]
[Result "1-0"]
[Round "06"]
[TimeControl "180+1"]
[Date "2022.10.04"]
[WhiteClock "0:00:33"]
[BlackClock "0:00:48"]

1. c4 Nf6 2. Nc3 g6 3. d4 c5 4. d5 Bg7 5. e4 d6 6. Nf3 O-O 7. Be2 e6 8. Be3 Re8 9. Nd2 Na6 10. h3 Nc7 11. O-O exd5 12. cxd5 b5 13. Qc2 b4 14. Nb5 Nxb5 15. Bxb5 Bd7 16. Bxd7 Nxd7 17. Bf4 Nb6 18. a3 a5 19. axb4 axb4 20. Rxa8 Nxa8 21. Nc4 Bf8 22. Rd1 Nb6 23. Na5 Nxd5 24. Nc6 Qf6 25. Bxd6 Ne3 26. e5 Nxc2 27. exf6 Re1+ 28. Rxe1 Nxe1 29. Ne7+ Kh8 30. Bxc5 Nd3 31. Bd4 Nf4 32. Kf1 Ne6 33. Be5 h5 34. Ke2 Kh7 35. Kd3 g5 36. Kc4 g4 37. hxg4 hxg4 38. Kxb4 1-0


[Site "https://www.chess.com"]

[Event "Titled Tuesday Blitz October 04 Early 2022"]
[White "Srihari L R"]
[Black "Jones, Gawain C B"]
[WhiteFideId "46617116"]
[BlackFideId "409561"]
[WhiteElo "2336"]
[BlackElo "2657"]
[Result "0-1"]
[Round "06"]
[TimeControl "180+1"]
[Date "2022.10.04"]
[WhiteClock "0:00:13"]
[BlackClock "0:00:41"]

1. c4 Nf6 2. Nc3 g6 3. d4 Bg7 4. e4 d6 5. h3 O-O 6. Be3 e5 7. d5 Na6 8. Nf3 Nh5 9. g3 Qe8 10. Be2 f5 11. exf5 gxf5 12. Nxe5 Nxg3 13. fxg3 dxe5 14. Qd2 f4 15. Bf2 f3 16. Bd3 e4 17. Nxe4 Bf5 18. O-O-O Bxe4 19. Rhe1 Bxd3 20. Rxe8 Raxe8 21. Qxd3 Re2 22. Bd4 Nb4 23. Qb3 f2 24. Bxg7 Kxg7 25. Qxb4 f1=Q 26. Qxb7 Re1 27. Qxc7+ Rf7 0-1


[Site "https://www.chess.com"]

[Event "Titled Tuesday Blitz October 04 Early 2022"]
[White "Svane, Frederik"]
[Black "Vignesh, N R"]
[WhiteFideId "12923044"]
[BlackFideId "25012215"]
[WhiteElo "2466"]
[BlackElo "2386"]
[Result "1-0"]
[Round "06"]
[TimeControl "180+1"]
[Date "2022.10.04"]
[WhiteClock "0:01:08"]
[BlackClock "0:00:10"]

1. e3 Nf6 2. Nf3 d5 3. b3 b6 4. Bb2 e6 5. d4 Be7 6. Bd3 Bb7 7. Nbd2 Nbd7 8. O-O O-O 9. a3 c5 10. Re1 Rc8 11. Ne5 Nxe5 12. dxe5 Nd7 13. c4 f6 14. cxd5 Bxd5 15. e4 Bb7 16. Bc4 Rc6 17. Qg4 Nxe5 18. Bxe5 fxe5 19. Bxe6+ Kh8 20. Nf3 Rf4 21. Nxe5 Rxg4 22. Nf7+ Kg8 23. Nxd8+ Rxe6 24. Nxe6 Bxe4 25. g3 Kf7 26. h3 Rg6 27. Nf4 Bc2 28. Nxg6 hxg6 29. Re3 Bg5 30. Rf3+ Kg8 31. Ra2 Bd1 32. Rd3 1-0


[Site "https://www.chess.com"]

[Event "Titled Tuesday Blitz October 04 Early 2022"]
[White "Terry, Renato"]
[Black "Gritsenko, Nikolai"]
[WhiteFideId "3803457"]
[BlackFideId "14112493"]
[WhiteElo "2577"]
[BlackElo "2389"]
[Result "1-0"]
[Round "06"]
[TimeControl "180+1"]
[Date "2022.10.04"]
[WhiteClock "0:00:51"]
[BlackClock "0:00:14"]

1. d4 d5 2. Nf3 Nc6 3. Bf4 Bg4 4. e3 e6 5. c4 Bd6 6. Bg3 Nge7 7. Nc3 O-O 8. Bh4 dxc4 9. Bxc4 Qe8 10. h3 Bh5 11. g4 Bg6 12. Rc1 a6 13. a3 Kh8 14. Qe2 e5 15. d5 Nd8 16. e4 f6 17. Bg3 Nf7 18. h4 h5 19. g5 f5 20. Bd3 f4 21. Bh2 b5 22. Nd2 c5 23. b3 c4 24. bxc4 Bxa3 25. Rb1 Rc8 26. Rb3 b4 27. Ncb1 Nd6 28. f3 Qa4 29. Nxa3 bxa3 30. O-O Rb8 31. Qd1 Rxb3 32. Qxb3 Qxb3 33. Nxb3 Rb8 34. Nc5 Rb2 35. Ra1 a2 36. Na4 Rd2 37. Bf1 Nxe4 38. fxe4 Bxe4 39. Nc3 Bb1 40. Nxb1 axb1=Q 41. Rxb1 Nf5 42. g6 1-0


[Site "https://www.chess.com"]

[Event "Titled Tuesday Blitz October 04 Early 2022"]
[White "Tsaruk, Maksim"]
[Black "Gunina, Valentina"]
[WhiteFideId "13511173"]
[BlackFideId "4167570"]
[WhiteElo "2273"]
[BlackElo "2376"]
[Result "1-0"]
[Round "06"]
[TimeControl "180+1"]
[Date "2022.10.04"]
[WhiteClock "0:01:06"]
[BlackClock "0:00:12"]

1. e4 c6 2. d4 d5 3. Nd2 dxe4 4. Nxe4 Nf6 5. Nxf6+ exf6 6. Bc4 Bd6 7. Qe2+ Qe7 8. Qxe7+ Kxe7 9. c3 Re8 10. Ne2 Kf8 11. Be3 Bf5 12. Kd2 Nd7 13. a4 Nb6 14. Bd3 Be6 15. Kc2 Nc4 16. Bf4 Rad8 17. Bxd6+ Nxd6 18. Rhe1 g5 19. a5 Kg7 20. Ng3 f5 21. f4 f6 22. Re2 Bd7 23. Rf2 Ne4 24. Bxe4 fxe4 25. fxg5 fxg5 26. Re1 Kg6 27. Kd2 c5 28. Ke3 cxd4+ 29. cxd4 h5 30. Ref1 Re6 31. d5 Ra6 32. Nxe4 Bb5 33. Rf6+ Kg7 34. Rxa6 Bxa6 35. Rf5 Kh6 36. Nxg5 Kg6 37. Re5 Rc8 38. Ne4 Rc2 39. d6 Re2+ 40. Kd4 Re1 41. Nc3 Rxe5 42. Kxe5 Kf7 43. Nd5 Bf1 44. d7 1-0


[Site "https://www.chess.com"]

[Event "Titled Tuesday Blitz October 04 Early 2022"]
[White "Vasquez Schroeder, Rodrigo"]
[Black "Bortnyk, Mykola"]
[WhiteFideId "3400042"]
[BlackFideId "14120836"]
[WhiteElo "2577"]
[BlackElo "2582"]
[Result "0-1"]
[Round "06"]
[TimeControl "180+1"]
[Date "2022.10.04"]
[WhiteClock "0:00:42"]
[BlackClock "0:00:57"]

1. e4 Nf6 2. e5 Nd5 3. d4 d6 4. Nf3 dxe5 5. Nxe5 c6 6. g3 Bf5 7. Bg2 Nd7 8. Nf3 h6 9. O-O e6 10. a3 Bd6 11. c4 N5f6 12. Qe2 O-O 13. Nc3 Re8 14. Ne5 Qc7 15. Re1 a6 16. Nxd7 Qxd7 17. Rd1 Rad8 18. h3 e5 19. dxe5 Rxe5 20. Qf1 Qe8 21. Bf4 Re6 22. Bxd6 Rexd6 23. Rxd6 Rxd6 24. Rd1 Qd7 25. Rxd6 Qxd6 26. Qe2 Kf8 27. Qe3 Nd7 28. b4 Qe6 29. Qxe6 Bxe6 30. c5 a5 31. f4 axb4 32. axb4 Ke7 33. Kf2 Bc4 34. Ke3 Nb8 35. Kd4 Be6 36. Bf1 g5 37. fxg5 hxg5 38. Ne4 f6 39. h4 gxh4 40. gxh4 Nd7 41. Nd6 b5 42. Bg2 Ne5 43. h5 Kf8 44. h6 Bd7 45. Be4 Kg8 46. Nb7 Nf7 47. Nd8 Nxd8 0-1


[Site "https://www.chess.com"]

[Event "Titled Tuesday Blitz October 04 Early 2022"]
[White "Weetik, Vjacheslav"]
[Black "Bharath Subramaniyam H"]
[WhiteFideId "4153472"]
[BlackFideId "46634827"]
[WhiteElo "2469"]
[BlackElo "2395"]
[Result "0-1"]
[Round "06"]
[TimeControl "180+1"]
[Date "2022.10.04"]
[WhiteClock "0:00:05"]
[BlackClock "0:00:28"]

1. d4 d5 2. Bf4 Bf5 3. e3 e6 4. c4 Nf6 5. Nc3 Bb4 6. Bd3 O-O 7. Ne2 Bxd3 8. Qxd3 c6 9. O-O Nbd7 10. a3 Ba5 11. b4 Bc7 12. Rac1 Bxf4 13. Nxf4 e5 14. Nfe2 e4 15. Qb1 Nb6 16. c5 Nc4 17. Qa2 b5 18. a4 a5 19. Rb1 Qc7 20. Rfc1 Ng4 21. Ng3 h5 22. axb5 axb4 23. b6 Rxa2 24. bxc7 Rxf2 25. Rxb4 Ncxe3 26. Ncxe4 Rxg2+ 27. Kh1 Rxh2+ 28. Kg1 Rg2+ 29. Kh1 dxe4 30. Nxe4 Rh2+ 31. Kg1 Nd5 32. Rb7 Re2 33. Nd6 Re7 34. c8=Q Rxc8 35. Rxe7 Nxe7 36. Nxc8 Nxc8 37. Re1 Nf6 38. Ra1 Ne7 39. Kf2 Nfd5 40. Kf3 g6 41. Ra8+ Kg7 42. Ra6 g5 43. Ra7 Kg6 44. Rd7 f5 45. Rd6+ Kg7 46. Re6 h4 0-1


[Site "https://www.chess.com"]